 Dungeon Crawl Stone Soup version 0.27-a0-1193-g8631133539 (webtiles) character file.

Game seed: 15792191236965977289

130 Sobieck the Gusty (level 5, -2/29 HPs)
             Began as a Tengu Air Elementalist on May 25, 2021.
             Killed by nerve-wracking pain
             ... invoked by Grinder
              (3 damage)
             ... while paralysed by Grinder
             ... on level 3 of the Dungeon on May 26, 2021.
             The game lasted 00:10:34 (4255 turns).

Sobieck the Gusty (Tengu Air Elementalist)          Turns: 4255, Time: 00:10:35

Health: -2/29      AC:  6    Str:  8    XL:     5   Next: 13%
Magic:  1/9        EV:  2    Int: 16    God:
Gold:   111        SH:  0    Dex: 15    Spells: 7/8 levels left

rFire    . . .     SeeInvis .   g - +1 dagger (elec) {short}
rCold    . . .     Faith    .   (no shield)
rNeg     . . .     Spirit   .   a - +0 robe
rPois    .         Reflect  .   (helmet restricted)
rElec    .         Harm     .   (no cloak)
rCorr    .         Rampage  .   (no gloves)
Will     .....                  (boots unavailable)
Stlth    ++........             (no amulet)
HPRegen  0.09/turn              j - +4 ring of protection
MPRegen  0.11/turn              (no ring)

@: paralysed, flying quickly and evasively, quick
A: beak, talons 3, nimble flight
a: no special abilities


You were on level 3 of the Dungeon.
You visited 1 branch of the dungeon, and saw 4 of its levels.

You collected 111 gold pieces.


Innate Abilities, Weirdness & Mutations

You have a beak for a mouth.
You have claws for feet.
Your magical nature lets you fly swiftly and evasively.


   Skills:
 + Level 1.3 Fighting
 + Level 1.6 Armour
 + Level 3.1 Dodging
 + Level 2.7 Stealth
 + Level 2.3 Spellcasting
 + Level 2.5 Conjurations
 + Level 4.7 Air Magic


You had 7 spell levels left.
You knew the following spells:

 Your Spells              Type           Power      Damage    Failure   Level
a - Shock                 Conj/Air       52%        1d6       4%          1

Your spell library contained the following spells:

 Spells                   Type           Power      Damage    Failure   Level
 Static Discharge         Conj/Air       13%        N/A       7%          2
 Swiftness                Air            17%        N/A       9%          3
 Airstrike                Air            8%         N/A       28%         4
 Lightning Bolt           Conj/Air       6%         1d18      77%         5
 Irradiate                Conj/Tmut      2%         3d14      97%         5
 Blade Hands              Tmut           0%         N/A       100%        6
 Statue Form              Tmut/Erth      0%         N/A       100%        6
 Dragon Form              Tmut           0%         N/A       100%        7

Inventory:

Hand Weapons
 e - a +0 club {mace}
   (You took it off a goblin on level 1 of the Dungeon)
 g - a +1 dagger of electrocution (weapon) {short}
   (You took it off a kobold on level 1 of the Dungeon)
Missiles
 d - 26 sling bullets
 f - 56 stones {throwing}
 l - 19 arrows
 p - a throwing net {=f!fthrowing}
 q - 4 poisoned darts {throwing}
Armour
 a - a +0 robe (worn)
Jewellery
 j - a +4 ring of protection (left hand)
   (You found it on level 1 of the Dungeon)
Wands
 n - a wand of acid (8)
   (You found it on level 2 of the Dungeon)
Scrolls
 c - a scroll of brand weapon {unknown}
 i - a scroll of blinking {unknown}
 m - 3 scrolls of identify {unknown}
 r - a scroll of teleportation {unknown}
Potions
 b - a potion of flight {unknown}
 h - a potion of attraction {unknown}
 k - a potion of haste {unknown}
 o - a potion of heal wounds {unknown}

Dungeon Overview and Level Annotations

Branches:
Dungeon (4/15)
 Temple: D:4-7

Altars:
Yredelemnul

Annotations:
D:2 exclusion: downstairs
D:3 Grinder

## #.. #...
#.5..####
.......># #5#
#@# ..#.# ..
..#.# ####.#
#.#.#### .....
#.#....# #.#.##
#.####.#
....#####.##...#
...
#..##.##.##.###
...
#..##.##.##.#


You could see Grinder.


Message History

Press: ? - help, Shift-Dir - straight line The zap hits Grinder.
Grinder hits you but does no damage. 😎 MP[-1]
You lost 1 mp, and now have 7/9 mp.
Unknown command.
Casting: Shock (safe; 4% risk of failure)
Confirm with . or Enter, or press ? or * to list all spells.
Aiming: Shock (safe; 4% risk of failure)
Press: ? - help, Shift-Dir - straight line The zap hits Grinder.
Grinder gestures at you.
Pain shoots through your body! 😮 HP[-9] MP[-1]
You take 9 damage, and now have 20/29 hp.
MASSIVE DAMAGE!! (PAUSE)
You lost 1 mp, and now have 6/9 mp.
You are too injured to fight recklessly!
Unknown command.
You are too injured to fight recklessly!
Unknown command.
Casting: Shock (safe; 4% risk of failure)
Confirm with . or Enter, or press ? or * to list all spells.
Aiming: Shock (safe; 4% risk of failure)
Press: ? - help, Shift-Dir - straight line
Okay, then.
You hit Grinder but do no damage. Your peck misses Grinder. Grinder hits you.
You writhe in agony. 😮 HP[-3]
You take 3 damage, and now have 17/29 hp.
Unknown command.
Casting: Shock (safe; 4% risk of failure)
Confirm with . or Enter, or press ? or * to list all spells.
Aiming: Shock (safe; 4% risk of failure)
Press: ? - help, Shift-Dir - straight line The zap hits Grinder.
Grinder gestures at you.
You resist with significant effort. 😮 MP[-1]
You lost 1 mp, and now have 5/9 mp.
Casting: Shock (safe; 4% risk of failure)
Confirm with . or Enter, or press ? or * to list all spells.
Aiming: Shock (safe; 4% risk of failure)
Press: ? - help, Shift-Dir - straight line The zap hits Grinder.
Grinder blinks! 😮 MP[-1]
You lost 1 mp, and now have 4/9 mp.
Casting: Shock (safe; 4% risk of failure)
Confirm with . or Enter, or press ? or * to list all spells.
Okay, then.
Unknown command.
You start resting.
Grinder is nearby! 😮 MP[+1]
Casting: Shock (safe; 4% risk of failure)
Confirm with . or Enter, or press ? or * to list all spells.
Aiming: Shock (safe; 4% risk of failure)
Press: ? - help, Shift-Dir - straight line The zap misses Grinder.
The zap hits Grinder. 😮 MP[-1]
You lost 1 mp, and now have 4/9 mp.
Casting: Shock (safe; 4% risk of failure)
Confirm with . or Enter, or press ? or * to list all spells.
Aiming: Shock (safe; 4% risk of failure)
Press: ? - help, Shift-Dir - straight line The zap hits Grinder.
Grinder hits you.
* * * LOW HITPOINT WARNING * * *
You writhe in agony.
* * * LOW HITPOINT WARNING * * *
😨 HP[-5] MP[-1]
You take 5 damage, and now have 12/29 hp.
You lost 1 mp, and now have 3/9 mp.
Casting: Shock (safe; 4% risk of failure)
Confirm with . or Enter, or press ? or * to list all spells.
Aiming: Shock (safe; 4% risk of failure)
Press: ? - help, Shift-Dir - straight line The zap hits Grinder.
Grinder hits you.
* * * LOW HITPOINT WARNING * * *
You writhe in agony.
* * * LOW HITPOINT WARNING * * *
😱 HP[-5] MP[-1]
You take 5 damage, and now have 7/29 hp.
You lost 1 mp, and now have 2/9 mp.
Casting: Shock (safe; 4% risk of failure)
Confirm with . or Enter, or press ? or * to list all spells.
Aiming: Shock (safe; 4% risk of failure)
Press: ? - help, Shift-Dir - straight line The zap misses Grinder.
Grinder gestures at you.
You suddenly lose the ability to move!
Grinder hits you.
* * * LOW HITPOINT WARNING * * *
You writhe in agony.
* * * LOW HITPOINT WARNING * * *
Grinder hits you.
* * * LOW HITPOINT WARNING * * *
Grinder gestures at you.
You shrug off the repeated paralysis!
Grinder gestures at you. Pain shoots through your body!
You die...

Skill      XL: |  1  2  3  4 |
---------------+-------------+-----
Conjurations   | 2 |  2.5
Armour         | 1 |  1.6
Fighting       | 1 |  1.3
Dodging        | 3 |  3.1
Stealth        | |  2.7
Spellcasting   | |  2.3
Air Magic      | |  4.7

Action                   |  1- 3 |  4- 6 || total
-------------------------+-------+-------++-------
Melee: Dagger            |     5 |     9 ||    14
       Kick              |       |     1 ||     1
       Peck              |       |     1 ||     1
 Cast: Shock             |    84 |    91 ||   175
Armor: Robe              |     4 |     5 ||     9
Dodge: Dodged            |    13 |    23 ||    36

Levels and vault maps discovered:
D:1:      dpeg_cavernosity, layout_basic
D:2:      layout_loops_ring, basic_altar, hellmonk_ecumenical_altar_lost_god,
          kennysheep_minor_cross
D:3:      layout_basic, kennysheep_generic_room_3, uniq_grinder
D:4:      layout_loops_ring, lemuel_round_altar,
          chequers_temple_overflow_statue_of_worship, minmay_manual_macuahuitl

Notes
Turn   | Place    | Note
-------+----------+-------------------------------------------
     0 | D:1      | Sobieck the Tengu Air Elementalist began the quest for the
                  | Orb.
     0 | D:1      | Reached XP level 1. HP: 10/10 MP: 4/4
     0 | D:1      | magus.rc [v1.9.6]
   431 | D:1      | Reached XP level 2. HP: 15/15 MP: 0/6
  1032 | D:2      | Reached XP level 3. HP: 19/20 MP: 4/7
  1037 | D:2      | Reached skill level 2 in Conjurations
  2072 | D:2      | Found a faded altar of an unknown god.
  2094 | D:2      | Reached skill level 1 in Armour
  2535 | D:2      | Reached skill level 1 in Fighting
  2604 | D:2      | Reached XP level 4. HP: 25/25 MP: 3/8
  2661 | D:2      | Found a basalt altar of Yredelemnul.
  3314 | D:2      | Reached skill level 3 in Dodging
  3447 | D:2      | magus.rc [v1.9.6]
  3669 | D:3      | Gained mutation: Your magical nature lets you fly swiftly
                  | and evasively. [Tengu growth]
  3669 | D:3      | Reached XP level 5. HP: 29/29 MP: 3/9
  4186 | D:3      | You pick up a book of Transfigurations {@e2} and begin
                  | reading...
  4186 | D:3      | You add the spells Irradiate, Statue Form, Blade Hands and
                  | Dragon Form to your library.
  4234 | D:3      | Noticed Grinder
  4250 | D:3      | HP: 7/29 [Grinder (2)]
  4251 | D:3      | Paralysed by Grinder for 6 turns
  4253 | D:3      | HP: 1/29 [Grinder (3)]
  4255 | D:3      | Killed from afar by Grinder

Vanquished Creatures
  3 adders
  A worm (D:2)
  2 dart slugs
  3 orcs (D:3)
  8 bats
  8 endoplasms
  3 giant cockroaches
  3 goblins (D:1)
  11 hobgoblins
  18 jackals
  5 kobolds
  A quokka (D:1)
  5 ball pythons
  4 frilled lizards (D:1)
  5 rats
80 creatures vanquished.

Table legend:
 A = Non-vault XP
 B = Vault XP
 C = Vault XP percentage of total XP
 D = Non-vault monster count
 E = Vault monster count
 F = Vault count percentage of total count
                 A         B        C        D         E       F
            +---------+---------+-------+---------+---------+-------
      Total |     180 |       6 |   3.2 |      76 |       4 |   5.0
            +---------+---------+-------+---------+---------+-------
        D:1 |      39 |       6 |  13.3 |      22 |       4 |  15.4
        D:2 |      94 |       0 |   0.0 |      36 |       0 |   0.0
        D:3 |      47 |       0 |   0.0 |      18 |       0 |   0.0
            +---------+---------+-------+---------+---------+-------

Illustrated notes

Table legend:
 A = Kills in this place as a percentage of kills in entire the game.
 B = Kills by you in this place as a percentage of kills by you in the entire game.
 C = Kills by friends in this place as a percentage of kills by friends in the entire game.
 D = Other kills in this place as a percentage of other kills in the entire game.
 E = Experience gained in this place as a percentage of experience gained in the entire game.
 F = Experience gained in this place divided by the number of levels of this place that you have seen.
                   A       B       C       D       E      F
               +-------+-------+-------+-------+-------+----------------------
         Total | 100.0 | 100.0 |   N/A |   N/A | 100.0 |  46.5
       Dungeon | 100.0 | 100.0 |   N/A |   N/A | 100.0 |  46.5
               +-------+-------+-------+-------+-------+----------------------

Table legend: (Time is in decaauts)
 A = Elapsed time spent in this place.
 B = Non-inter-level travel time spent in this place.
 C = Inter-level travel time spent in this place.
 D = Time resting spent in this place.
 E = Time spent auto-exploring this place.
 F = Levels seen in this place.
 G = Mean time per level.
                   A        B        C        D        E       F      G
               +--------+--------+--------+--------+--------+-----+--------+
         Total |   4239 |   4101 |    138 |    597 |   3067 |   4 | 1059.8 |
       Dungeon |   4239 |   4101 |    138 |    597 |   3067 |   4 | 1059.8 |
               +--------+--------+--------+--------+--------+-----+--------+

Top non-repeatable levels by time:
     D:1: 2029 daAuts
     D:2: 1453 daAuts
     D:3: 754 daAuts
     D:4: 1 daAuts
